[Event "Late-Titled-Tuesday-Blitz-March-05-2024"]
[Site "Chess.com"]
[Date "2024.03.05"]
[Round "9"]
[White "Statham_01"]
[Black "Eeleyah"]
[Result "1-0"]
[WhiteElo "2584"]
[BlackElo "2459"]
[TimeControl "180+1"]
[EndTime "15:40:27 PST"]
[Termination "Statham_01 won by checkmate"]

1. e4 c5 2. Nf3 Nc6 3. b4 cxb4 4. d4 d5 5. exd5 Qxd5 6. c4 bxc3 7. Nxc3 Qa5 8. Rb1 e6 9. Bd2 Nf6 10. Bd3 Be7 11. O-O Qd8 12. Qe2 O-O 13. Rfd1 Nxd4 14. Nxd4 Qxd4 15. Nb5 Qb6 16. Be3 Bc5 17. Nd4 Qd8 18.
Nxe6 Bxe6 19. Bxh7+ Nxh7 20. Rxd8 Rfxd8 21. Bxc5 b6 22. Be3 Rac8 23. h3 Nf8 24. Re1 Re8 25. Qb2 Bc4 26. Kh2 Ne6 27. a3 Red8 28. Rc1 Rc6 29. Qe5 Rdc8 30. h4 a5 31. h5 Bd3 32.
Rd1 Bh7 33. h6 gxh6 34. Rd7 Bg6 35. Re7 Ng7 36. Bd4 Nf5 37. Qh8# 1-0

[Event "Late-Titled-Tuesday-Blitz-March-05-2024"]
[Site "Chess.com"]
[Date "2024.03.05"]
[Round "9"]
[White "cthulhuuu"]
[Black "MaiqMaster"]
[Result "0-1"]
[WhiteElo "2422"]
[BlackElo "2331"]
[TimeControl "180+1"]
[EndTime "15:40:28 PST"]
[Termination "MaiqMaster won on time"]

1. e4 Nc6 2. Nf3 e5 3. Bb5 a6 4. Bxc6 dxc6 5. O-O Qf6 6. d4 exd4 7. Bg5 Qg6 8. Qxd4 Bg4 9. Rd1 Be7 10. Bxe7 Nxe7 11. Ne5 Qe6 12. Nxg4 Qxg4 13. f3 Qe6 14. Qxg7 Rg8 15.
Qxh7 Qe5 16. Qh3 Qxb2 17. Nd2 Qd4+ 18. Kh1 Rd8 19. Qh4 Qg7 20. Qf2 Rd6 21. Nf1 Qc3 22.
Rab1 b5 23. Rxd6 cxd6 24. Rd1 Rg6 25. Ng3 a5 26. Qd2 Qh8 27. Kg1 b4 28. Qf4 Qc3 29. Rxd6 Qc5+ 0-1

[Event "Late-Titled-Tuesday-Blitz-March-05-2024"]
[Site "Chess.com"]
[Date "2024.03.05"]
[Round "9"]
[White "Shtembuliak"]
[Black "Mr_Heisenberg13"]
[Result "0-1"]
[WhiteElo "2867"]
[BlackElo "2868"]
[TimeControl "180+1"]
[EndTime "15:40:30 PST"]
[Termination "Mr_Heisenberg13 won by resignation"]

1. c4 Nf6 2. Nc3 e5 3. Nf3 e4 4.
Ng5 c6 5. Ngxe4 Nxe4 6. Nxe4 d5 7. cxd5 cxd5 8. Ng3 h5 9. e3 h4 10. Ne2 Nc6 11.
Nf4 d4 12. Bc4 Bd6 13. h3 Qg5 14. O-O O-O 15. d3 dxe3 16. fxe3 Bxf4 17. exf4 Qg6 18. f5 Bxf5 19. Qf3 Be6 20. Kh2 Rad8 21. Bf4 Nd4 22. Qf2 b5 23. Bxe6 Nxe6 24. Qxh4 Rxd3 25. Qf2 Rfd8 26. Rae1 a5 27. Bg3 a4 28. Re2 b4 29.
Rfe1 b3 30. axb3 Rxb3 31. Re3 Rdd3 32. Rxd3 Qxd3 33. Re2 Qb5 34. Rc2 Qd7 35. Qe2 Nd4 36.
Qd1 Rb7 37. Rd2 Nf3+ 38. gxf3 Rxb2 39. Bf4 a3 40. Be3 a2 41. Bd4 Rxd2+ 42. Qxd2 a1=Q 43. Bxa1 Qxd2+ 0-1

[Event "Late-Titled-Tuesday-Blitz-March-05-2024"]
[Site "Chess.com"]
[Date "2024.03.05"]
[Round "9"]
[White "DanielNaroditsky"]
[Black "TenisMaster"]
[Result "1-0"]
[WhiteElo "3095"]
[BlackElo "2892"]
[TimeControl "180+1"]
[EndTime "15:40:33 PST"]
[Termination "DanielNaroditsky won on time"]

1. e4 d5 2. exd5 Qxd5 3. Nc3 Qa5 4. d4 Nf6 5. Bd2 Bf5 6. Bc4 c6 7. Nf3 Nbd7 8. Qe2 Qc7 9. d5 cxd5 10. Nxd5 Nxd5 11.
Bxd5 e6 12. Nd4 Bg6 13. Nb5 Qb6 14. O-O Be7 15. Be3 Bc5 16. Bxb7 Rd8 17. Bxc5 Nxc5 18. Bf3 a6 19. Nc3 Qxb2 20. Qe5 Qb4 21. Nd5 Qc4 22. Qxg7 Rf8 23. Ne3 Qf4 24. Rfe1 Be4 25. Bxe4 Nxe4 26. Re2 Ke7 27. Qb2 1-0

[Event "Late-Titled-Tuesday-Blitz-March-05-2024"]
[Site "Chess.com"]
[Date "2024.03.05"]
[Round "9"]
[White "AlexeiShirov"]
[Black "jlf287"]
[Result "1-0"]
[WhiteElo "2876"]
[BlackElo "2561"]
[TimeControl "180+1"]
[EndTime "15:40:34 PST"]
[Termination "AlexeiShirov won on time"]

1. e4 e5 2. Nf3 Nc6 3. Bc4 Nf6 4.
d3 Bc5 5. Bg5 h6 6. Bh4 d6 7. c3 a6 8. Nbd2 Ba7 9. b4 Qe7 10.
a4 Nd8 11. b5 Ne6 12. bxa6 bxa6 13. Bd5 Rb8 14. Bc6+ Kf8 15. O-O g5 16. Bg3 Kg7 17.
d4 Nf4 18. Nc4 Be6 19. Ne3 Ng4 20. Nxe5 Nxe3 21. fxe3 dxe5 22. exf4 exf4 23. Bf2 Bc4 24. d5 Bxf2+ 25. Rxf2 Qc5 26. Qd4+ Qxd4 27. cxd4 Bd3 28. e5 Rb4 29. Rd2 Be4 30. Re1 Bf5 31. e6 fxe6 32.
dxe6 Bg6 33. e7 Be8 34. d5 Kf7 35. Rc2 Bxc6 36. Rxc6 Re8 37. Rxc7 Rd4 38. Rd7 g4 39. d6 g3 40. hxg3 fxg3 41. Rd8 a5 42. Rf1+ 1-0

[Event "Late-Titled-Tuesday-Blitz-March-05-2024"]
[Site "Chess.com"]
[Date "2024.03.05"]
[Round "9"]
[White "Zq1"]
[Black "rikchessmx"]
[Result "1-0"]
[WhiteElo "2573"]
[BlackElo "2306"]
[TimeControl "180+1"]
[EndTime "15:40:34 PST"]
[Termination "Zq1 won by resignation"]

1. d4 Nf6 2. c4 e6 3. g3 d5 4. Bg2 c6 5. Nd2 Nbd7 6. Ngf3 Bd6 7. O-O O-O 8. Qc2 Qe7 9. b3 e5 10. cxd5 Nxd5 11. Nc4 exd4 12. Nxd6 Qxd6 13. Nxd4 N7f6 14. Bb2 Bg4 15. h3 Bh5 16. Nf5 Qd7 17. Rad1 Bg6 18. e4 Qe6 19. exd5 Qxf5 20. Qxf5 Bxf5 21. dxc6 bxc6 22.
g4 Be6 23. Bxf6 gxf6 24. Rd6 a5 25. Bxc6 Ra6 26. Rfd1 Kg7 27. Bb5 Rxd6 28. Rxd6 Rc8 29.
Rd2 Rc5 30. Bc4 h5 31. Rd4 hxg4 32. hxg4 Kg6 33. Kg2 f5 34. Kg3 fxg4 35. Bxe6 fxe6 36. Rxg4+ Kf6 37. Ra4 Kf5 38. Kf3 e5 39. Ke3 Rd5 40.
Rc4 Rb5 41. Rc8 Rb4 42. Rf8+ Ke6 43. Ra8 Rb5 44. Ra6+ Kd5 45. f3 Kc5 46. Ke4 Kb4 47. Re6 Ka3 48. Rxe5 Rb4+ 49. Kd3 a4 50. Ra5 Kxa2 51.
Rxa4+ Kxb3 52. Rxb4+ Kxb4 53. Kd4 Kb5 54. Kd5 Kb6 55. Kd6 Kb7 56. Kd7 Kb6 57. f4 Kc5 58. Ke6 Kc6 59. f5 Kc7 60. Ke7 Kc6 61. f6 Kd5 62. f7 1-0

[Event "Late-Titled-Tuesday-Blitz-March-05-2024"]
[Site "Chess.com"]
[Date "2024.03.05"]
[Round "9"]
[White "zano2023"]
[Black "Roedor"]
[Result "0-1"]
[WhiteElo "2114"]
[BlackElo "2300"]
[TimeControl "180+1"]
[EndTime "15:40:34 PST"]
[Termination "Roedor won by checkmate"]

1. d4 Nf6 2. Nd2 d5 3. Ngf3 g6 4.
e3 Bg7 5. Bd3 O-O 6. O-O c5 7. c3 Nc6 8. Re1 Qc7 9. dxc5 e5 10.
e4 Rd8 11. Qe2 dxe4 12. Nxe4 Nxe4 13. Bxe4 Bg4 14. h3 Bxf3 15. Qxf3 f5 16. Bd5+ Kh8 17. Bg5 Rd7 18. Be6 e4 19. Qe2 Rd3 20. Bc4 Rd7 21.
Rad1 Re8 22. Rxd7 Qxd7 23. Rd1 Qc7 24. Bb5 h6 25. Be3 f4 26. Bd4 f3 27. gxf3 Bxd4 28.
cxd4 Qf4 29. Bxc6 bxc6 30. Re1 Qh4 31. fxe4 Qxh3 32. Qe3 Qg4+ 33. Kf1 h5 34. f3 Qg3 35. Ke2 Kg7 36. Rg1 Qb8 37. b3 Qb5+ 38. Kf2 Qa5 39.
Qe2 Rf8 40. Rd1 Qc3 41. Qd2 Qxf3+ 42. Ke1 Qf1# 0-1

[Event "Late-Titled-Tuesday-Blitz-March-05-2024"]
[Site "Chess.com"]
[Date "2024.03.05"]
[Round "9"]
[White "Pachonpower"]
[Black "emeli_chess"]
[Result "1-0"]
[WhiteElo "2308"]
[BlackElo "2401"]
[TimeControl "180+1"]
[EndTime "15:40:35 PST"]
[Termination "Pachonpower won by resignation"]

1. e4 c5 2. d4 cxd4 3. c3 d3 4. Nf3 d6 5. Nbd2 Nc6 6. Bxd3 Nf6 7. O-O e6 8. Re1 Be7 9. Nf1 O-O 10. Ng3 Qc7 11. Bg5 h6 12. Bd2 b6 13. Qc1 Ne5 14.
Nxe5 dxe5 15. h3 Bb7 16. Re3 Rfd8 17. Rf3 Rxd3 18. Rxd3 Nxe4 19. Nxe4 Bxe4 20. Rg3 Kh7 21. Qe1 f5 22. Qe3 Bc5 23. Qe1 b5 24. Be3 Rd8 25.
Bxc5 Qxc5 26. Rd1 Rxd1 27. Qxd1 Bd5 28. Qh5 Qe7 29. Qg6+ Kh8 30. Re3 e4 31. Re1 a5 32. b3 Qc5 33. Rc1 e3 34. Qg3 exf2+ 35.
Qxf2 Qxf2+ 36. Kxf2 g5 37. g3 Kg7 38. c4 bxc4 39.
bxc4 Bc6 40. c5 Kf6 41. Rd1 Bd5 42. a3 Ke5 43. Ke3 f4+ 44. gxf4+ gxf4+ 45. Kf2 a4 46. h4 h5 47. Rd2 Kf6 48. Rd4 f3 49. Rxa4 e5 50. Ra6+ Kf5 51. Rd6 Ba8 52. c6 e4 53.
c7 Bb7 54. Ke3 1-0

[Event "Late-Titled-Tuesday-Blitz-March-05-2024"]
[Site "Chess.com"]
[Date "2024.03.05"]
[Round "9"]
[White "PepeCuenca"]
[Black "masterofpuppets2"]
[Result "1-0"]
[WhiteElo "2685"]
[BlackElo "2489"]
[TimeControl "180+1"]
[EndTime "15:40:40 PST"]
[Termination "PepeCuenca won on time"]

1. d4 d5 2. Bf4 c5 3. e3 Nc6 4. Nf3 Nf6 5. Nbd2 Nh5 6. dxc5 Nxf4 7. exf4 e6 8. Nb3 Bxc5 9. Nxc5 Qa5+ 10. Qd2 Qxc5 11.
Bd3 O-O 12. O-O h6 13. c3 a5 14. a4 b6 15. Bb5 Ba6 16. Bxc6 Qxc6 17. Nd4 Qc7 18. Rfe1 Rfe8 19. Re5 Qc5 20. Rae1 Kf8 21. Qe3 g6 22. f5 Kg7 23. fxe6 f6 24. e7 Bc8 25. Re6 Ra7 26. Qf4 f5 27. Qg3 Bxe6 28. Nxe6+ Kf7 29. Nxc5 bxc5 30. Qd6 Raxe7 31. Rxe7+ Rxe7 32. Qxd5+ Kf6 33. h4 Re5 34. Qd8+ Ke6 35. Qxa5 1-0

[Event "Late-Titled-Tuesday-Blitz-March-05-2024"]
[Site "Chess.com"]
[Date "2024.03.05"]
[Round "9"]
[White "NovakRatko"]
[Black "C_K_G"]
[Result "0-1"]
[WhiteElo "2376"]
[BlackElo "2193"]
[TimeControl "180+1"]
[EndTime "15:40:40 PST"]
[Termination "C_K_G won by resignation"]

1. d4 d5 2. c4 e6 3. cxd5 exd5 4.
Nc3 Nf6 5. Bg5 Be7 6. f3 O-O 7. Qd3 h6 8. Bh4 b6 9. Bf2 c5 10. dxc5 bxc5 11. Rd1 d4 12. Nb1 Ba6 13. Qf5 Nbd7 14. a3 g6 15. Qc2 Ne5 16. e4 Bxf1 17. Kxf1 Qb6 18. b4 Qa6+ 19. Qe2 d3 20. Qd2 c4 21. h3 Kg7 22. Bd4 Bd6 23. Qc3 Nfd7 24.
f4 Rfe8 25. Nf3 f6 26. fxe5 fxe5 27. Be3 Rf8 28. Qxc4 Qxc4 29. Nd2 Qc2 30. Kf2 Nf6 31. Kg3 Nh5+ 32. Kh2 Nf4 33. Rc1 Qb2 34. Rc6 Rf6 35. Bxf4 exf4 36. Nc4 Qf2 37. e5 Qg3+ 38. Kg1 Bxe5 39.
Ncxe5 Rxc6 40. Nxc6 Re8 41. Nce5 d2 0-1

[Event "Late-Titled-Tuesday-Blitz-March-05-2024"]
[Site "Chess.com"]
[Date "2024.03.05"]
[Round "9"]
[White "KerryStead"]
[Black "Supelyel"]
[Result "0-1"]
[WhiteElo "2073"]
[BlackElo "2386"]
[TimeControl "180+1"]
[EndTime "15:40:40 PST"]
[Termination "Supelyel won by resignation"]

1. d4 d6 2. e4 Nf6 3. Nc3 e5 4. dxe5 dxe5 5. Qxd8+ Kxd8 6. a3 a6 7. Bc4 Be6 8. Bxe6 fxe6 9. Nf3 Nbd7 10. h3 Bd6 11.
Bg5 Ke7 12. O-O-O h6 13. Bh4 g5 14. Bg3 Nh5 15. Bh2 Raf8 16. Rd2 Nf4 17. Ne1 Rhg8 18.
Nd1 c5 19. Ne3 b5 20. h4 g4 21. f3 g3 22. Bg1 h5 23. c4 Rb8 24. cxb5 axb5 25.
N3c2 Nb6 26. b3 c4 27. b4 c3 28. Rd1 Nc4 29. Nd3 Ne2+ 30. Kb1 Ra8 31. Nc1 Nf4 32. Nb3 Nxa3+ 33. Nxa3 Rxa3 34. Kc2 Rc8 35. Be3 Ra2+ 36. Kc1 Ne2+ 37. Kb1 Rb2+ 38. Ka1 Ra8+ 39. Ba7 Rxa7+ 40. Na5 Bxb4 0-1

[Event "Late-Titled-Tuesday-Blitz-March-05-2024"]
[Site "Chess.com"]
[Date "2024.03.05"]
[Round "9"]
[White "Penafiel-Josselyne02"]
[Black "SocoLoco"]
[Result "0-1"]
[WhiteElo "2052"]
[BlackElo "2221"]
[TimeControl "180+1"]
[EndTime "15:40:40 PST"]
[Termination "SocoLoco won on time"]

1. d4 d5 2. c4 Nc6 3. cxd5 Qxd5 4. Nf3 e5 5. Nc3 Bb4 6. e3 Nf6 7. a3 Bxc3+ 8. bxc3 O-O 9. c4 Qd6 10. Bb2 Re8 11.
dxe5 Nxe5 12. Nxe5 Rxe5 13. Qxd6 cxd6 14. Bxe5 dxe5 15.
Be2 Kf8 16. O-O Ke7 17. h3 Be6 18. Rab1 b6 19. Rfd1 Rc8 20. Rdc1 Nd7 21. a4 Rc5 22. Rb5 Rc6 23. f4 f6 24. g4 g6 25. Rb4 a6 26.
Kf2 Nc5 27. a5 bxa5 28. Rb2 a4 29. Rb4 Bd7 30. Rd1 Re6 31. fxe5 Rxe5 32. Rd5 Ke6 33. Rxc5 Rxc5 34. Rb6+ Rc6 35. Rb4 Rd6 0-1

[Event "Late-Titled-Tuesday-Blitz-March-05-2024"]
[Site "Chess.com"]
[Date "2024.03.05"]
[Round "9"]
[White "Zallio"]
[Black "JaackCamel"]
[Result "1-0"]
[WhiteElo "2151"]
[BlackElo "2181"]
[TimeControl "180+1"]
[EndTime "15:40:40 PST"]
[Termination "Zallio won on time"]

1. d4 d5 2. Nf3 e6 3. e3 c5 4.
Be2 Nf6 5. O-O Nc6 6. b3 b6 7. Bb2 Bb7 8. c4 dxc4 9. bxc4 Be7 10. Nc3 O-O 11. a3 cxd4 12. exd4 h6 13. Re1 Rc8 14. Rc1 Qc7 15. Nb5 Qb8 16. d5 exd5 17. cxd5 Na5 18. Rxc8 Rxc8 19. d6 Bf8 20. Bxf6 gxf6 21.
Qd4 Bg7 22. Nh4 Nc6 23. Qf4 Ne5 24. Nf5 Ng6 25. Qg3 Rc5 26. Ne7+ Kh7 27. Bd3 Rg5 28. Qf4 Rxg2+ 29. Kf1 Rg5 30. h4 Rxb5 31. Nxg6 fxg6 32. Bxb5 Qc8 33. Re7 Qh3+ 34. Ke2 Bd5 35. Bd3 f5 36. Qe5 Qg4+ 37. Ke1 Qg1+ 38. Bf1 1-0

[Event "Late-Titled-Tuesday-Blitz-March-05-2024"]
[Site "Chess.com"]
[Date "2024.03.05"]
[Round "9"]
[White "SaqoChess_Twitch"]
[Black "Lukianoo"]
[Result "0-1"]
[WhiteElo "2657"]
[BlackElo "2878"]
[TimeControl "180+1"]
[EndTime "15:40:44 PST"]
[Termination "Lukianoo won on time"]

1. d4 Nf6 2. c4 e6 3. Nc3 Bb4 4. e3 c5 5. a3 Bxc3+ 6. bxc3 d6 7. Bd3 Nbd7 8. Ne2 O-O 9. O-O b6 10. e4 Bb7 11. Ng3 Rc8 12. f4 cxd4 13. cxd4 Ba6 14. e5 Ne8 15. Qe2 Qc7 16. Qh5 g6 17.
Qh6 Bxc4 18. Bxc4 Qxc4 19. Be3 Qb3 20. Rae1 Ng7 21. Rf3 Qd5 22. h4 Rc2 23. h5 Rfc8 24.
hxg6 fxg6 25. f5 exf5 26. e6 Nf6 27. e7 Ng4 28. Qh4 Re8 29. Bh6 Qxd4+ 30. Be3 Qd5 31. Bh6 Qd4+ 32. Be3 Qf6 33. Bg5 Qb2 34. Qh3 Qd4+ 35.
Be3 Nxe3 36. Rfxe3 f4 37. Qg4 Rc3 38. Nf1 Nf5 39.
Kh1 fxe3 40. Qg5 Qh4+ 41. Qxh4 Nxh4 42. Nxe3 Rxe3 43. Rxe3 Nf5 44. Re6 Rxe7 45. Rf6 Kg7 0-1

[Event "Late-Titled-Tuesday-Blitz-March-05-2024"]
[Site "Chess.com"]
[Date "2024.03.05"]
[Round "9"]
[White "KorolDimitriy75"]
[Black "annacramling"]
[Result "1-0"]
[WhiteElo "2398"]
[BlackElo "2094"]
[TimeControl "180+1"]
[EndTime "15:40:44 PST"]
[Termination "KorolDimitriy75 won on time"]

1. d4 d5 2. c4 e6 3. Nc3 Nf6 4.
Bg5 Be7 5. cxd5 exd5 6. e3 O-O 7. Bd3 h6 8. Bh4 Be6 9. Qc2 Nbd7 10. Nge2 c5 11. O-O Rc8 12. Rad1 Re8 13. f3 a6 14. Bf2 c4 15. Bf5 b5 16. a3 Nf8 17. h3 Qd7 18. Bxe6 Nxe6 19. e4 dxe4 20. fxe4 a5 21. e5 Nd5 22. Nxd5 Qxd5 23. Nc3 Qb7 24. d5 Nc5 25. Qf5 Bf8 26. d6 g6 27. Qg4 h5 28. Qg3 Qd7 29. Nd5 Kg7 30. Nb6 Qe6 31. Nxc8 Rxc8 32. Qf3 Nd7 33.
Bd4 Kh7 34. Qxf7+ Qxf7 35. Rxf7+ Kg8 36. Rxd7 c3 37. bxc3 1-0

[Event "Late-Titled-Tuesday-Blitz-March-05-2024"]
[Site "Chess.com"]
[Date "2024.03.05"]
[Round "9"]
[White "shirovin"]
[Black "Arlo2024"]
[Result "0-1"]
[WhiteElo "2064"]
[BlackElo "2278"]
[TimeControl "180+1"]
[EndTime "15:40:44 PST"]
[Termination "Arlo2024 won on time"]

1. e4 e6 2. d4 d5 3. e5 c5 4. c3 Nc6 5. Nf3 f5 6. exf6 Nxf6 7.
Bd3 Bd6 8. O-O O-O 9. Bg5 Kh8 10. Re1 cxd4 11. cxd4 Qb6 12. Qc2 Nxd4 13. Nxd4 Qxd4 14. Bxf6 Rxf6 15. Nc3 Bd7 16. g3 Raf8 17. Re2 Bc5 18. Nd1 e5 19. Rd2 Bb4 20. Nc3 Qc5 21. Bxh7 d4 22.
a3 Ba5 23. Ne4 Qxc2 24. Rxc2 Kxh7 25. Nxf6+ Rxf6 26. Rd1 Bb6 27. b4 Ba4 28. Rdc1 Bxc2 29. Rxc2 d3 30. Rd2 e4 31. Kg2 g5 32. h3 Kg6 33.
Rb2 a6 34. a4 Bd4 35. Rb1 Rxf2+ 36. Kh1 e3 37. b5 d2 38. bxa6 bxa6 39. a5 e2 0-1

[Event "Late-Titled-Tuesday-Blitz-March-05-2024"]
[Site "Chess.com"]
[Date "2024.03.05"]
[Round "9"]
[White "jinbojinbo"]
[Black "GMAkobianSTL"]
[Result "0-1"]
[WhiteElo "2637"]
[BlackElo "2809"]
[TimeControl "180+1"]
[EndTime "15:40:50 PST"]
[Termination "GMAkobianSTL won on time"]

1. e4 d6 2. d4 Nf6 3. Nc3 c6 4. Be3 Qb6 5. a3 Ng4 6. Bc1 e5 7. Nf3 Nd7 8. h3 Ngf6 9. Be3 Qc7 10. Bc4 Be7 11. Ba2 O-O 12. O-O b5 13. d5 Bb7 14. Qd3 a6 15. dxc6 Bxc6 16. Nd5 Bxd5 17. Bxd5 Nxd5 18. Qxd5 Nf6 19. Qd3 d5 20. Nd2 d4 21. Bg5 Rac8 22. Rac1 Rfd8 23. Bxf6 Bxf6 24. Nf3 Be7 25. Rfd1 f6 26. Qb3+ Qc4 27. Nd2 Qxb3 28. Nxb3 Kf7 29. Kf1 Rc4 30. Ke2 Rdc8 31. Kd3 g5 32. g4 h5 33. f3 h4 34. Nd2 R4c7 35.
Nb1 a5 36. c3 a4 37. Rc2 Ke6 38. Rdc1 Bd6 39. cxd4 exd4 40. Rxc7 Rxc7 41. Rxc7 Bxc7 42. Kxd4 Be5+ 43. Kc5 Bxb2 44. Kxb5 Ke5 45. Kxa4 Kf4 46. Kb3 Bd4 47. Kc4 Bg1 48. Nc3 Kxf3 49. Kd5 Kg2 50. Ke6 Kxh3 51. Ne2 Bc5 52. Kxf6 Kxg4 53. e5 Bxa3 54. Ng1 Bb2 0-1

[Event "Late-Titled-Tuesday-Blitz-March-05-2024"]
[Site "Chess.com"]
[Date "2024.03.05"]
[Round "9"]
[White "GoValya"]
[Black "Tugrik1969"]
[Result "0-1"]
[WhiteElo "2246"]
[BlackElo "2407"]
[TimeControl "180+1"]
[EndTime "15:40:52 PST"]
[Termination "Tugrik1969 won by resignation"]

1. d4 d5 2. Nf3 Nf6 3. g3 c5 4.
c3 Qc7 5. Bf4 Qb6 6. Qc2 Nc6 7.
dxc5 Qxc5 8. Be3 Qa5 9. b4 Qd8 10.
Bg2 e6 11. Nbd2 Be7 12. Nb3 O-O 13. O-O Ng4 14. Bc5 b6 15. Bxe7 Nxe7 16. h3 Nf6 17. c4 dxc4 18. Qxc4 Bb7 19. Rfd1 Bd5 20. Qh4 Ng6 21. Qd4 Qe7 22. h4 Rfd8 23. Qc3 Rac8 24. Qe1 h6 25. Nbd4 Ne4 26. Rac1 Qf6 27. Rxc8 Rxc8 28.
a3 Ne5 29. Nxe5 Qxe5 30. Nf3 Qb2 31. Nd2 Nc3 32. Bxd5 Nxd1 33. Bf3 Rc1 34. Kg2 Ne3+ 35. fxe3 Rxe1 36. Nc4 Rxe2+ 37. Bxe2 Qxe2+ 0-1

[Event "Late-Titled-Tuesday-Blitz-March-05-2024"]
[Site "Chess.com"]
[Date "2024.03.05"]
[Round "9"]
[White "rdarruda"]
[Black "secretworker2027"]
[Result "0-1"]
[WhiteElo "2535"]
[BlackElo "2677"]
[TimeControl "180+1"]
[EndTime "15:40:53 PST"]
[Termination "secretworker2027 won by resignation"]

1. d4 Nf6 2. Nf3 c5 3. d5 d6 4. Nc3 e5 5. dxe6 Bxe6 6. e4 Nc6 7. Bf4 Be7 8. Bb5 O-O 9. O-O d5 10. Bxc6 bxc6 11. Ne5 Rc8 12. Qe2 Qb6 13. b3 Qb4 14.
Na4 Nxe4 15. Nd3 Qa5 16. f3 Nf6 17. Bd2 Qb5 18. Qf2 Nd7 19. Be3 d4 20. Bc1 c4 21.
Nf4 d3 22. Nxe6 fxe6 23. cxd3 cxd3 24. Qxa7 Rfd8 25. Be3 c5 26. Rac1 Bd6 27. Nc3 Qc6 28. Qa4 Qc7 29. Qe4 Bxh2+ 30. Kh1 Nf6 31. Qxe6+ Kh8 32.
Rcd1 Re8 33. Qh3 Rxe3 34. Qxh2 Qe7 35. Qh4 Re5 36. g4 Rd8 37. Rfe1 d2 38. Rxe5 Qxe5 39. Ne4 h6 40. Kg2 Rf8 41. Rxd2 Nxe4 42. fxe4 Qxe4+ 43. Kg1 Rf4 44. Rf2 Rxg4+ 0-1

[Event "Late-Titled-Tuesday-Blitz-March-05-2024"]
[Site "Chess.com"]
[Date "2024.03.05"]
[Round "9"]
[White "CarlosjPineror"]
[Black "MusicCityMaster"]
[Result "1/2-1/2"]
[WhiteElo "2726"]
[BlackElo "2515"]
[TimeControl "180+1"]
[EndTime "15:40:53 PST"]
[Termination "Game drawn by repetition"]

1. e4 e6 2. d3 d5 3. Nd2 Nf6 4. Ngf3 Nc6 5. Be2 Bc5 6. O-O O-O 7. c3 dxe4 8. dxe4 e5 9. a4 a5 10. Qc2 Qe7 11. h3 h6 12. Re1 Be6 13. Nf1 Rfd8 14. Ng3 Nd7 15. Bb5 Qf6 16. Nf5 Bxf5 17. exf5 Bd6 18.
g4 Nc5 19. g5 Qe7 20. gxh6 e4 21. Bg5 f6 22. b4 Ne5 23. Nxe5 Qxe5 24. bxc5 Qh2+ 25.
Kf1 Qh1+ 26. Ke2 Qf3+ 27. Kf1 Qxh3+ 28. Ke2 Qf3+ 29. Kf1 Bxc5 30. Rxe4 Qh1+ 31. Ke2 Qxa1 32. Qb3+ Kh7 33. hxg7 Kxg7 34. Rg4 Re8+ 35. Bxe8 Rxe8+ 36. Kf3 Qh1+ 37. Rg2 Qh3+ 38. Rg3 Qh1+ 39. Rg2 Qh3+ 40.
Rg3 Qh1+ 41. Rg2 1/2-1/2

[Event "Late-Titled-Tuesday-Blitz-March-05-2024"]
[Site "Chess.com"]
[Date "2024.03.05"]
[Round "9"]
[White "Jospem"]
[Black "Hikaru"]
[Result "0-1"]
[WhiteElo "3100"]
[BlackElo "3271"]
[TimeControl "180+1"]
[EndTime "15:40:57 PST"]
[Termination "Hikaru won by resignation"]

1. e4 d5 2. exd5 Qxd5 3. Nc3 Qa5 4. Bc4 Bf5 5. d4 c6 6. Nf3 e6 7. Bd2 Qc7 8. Nh4 Bg6 9. O-O Bd6 10. h3 Bh2+ 11. Kh1 Bf4 12. Ne2 Bxd2 13. Qxd2 Nd7 14. c3 Ngf6 15. Qe3 O-O 16. Nxg6 hxg6 17. Rad1 c5 18. dxc5 Nxc5 19. Bd3 Rad8 20. Bc2 Nd5 21. Qf3 Rd6 22. Rd4 Nf6 23. Rfd1 Rxd4 24. Rxd4 b5 25. a3 Nd5 26. Rd1 a6 27. Nd4 Nb6 28. Qe2 Rd8 29.
Bb1 Nca4 30. Re1 Rd6 31. Ba2 Nc4 32. Bxc4 bxc4 33. Nf3 Rb6 34. Ne5 Rxb2 35. Qf3 Nb6 36. h4 Nd5 37. Qe4 Rxf2 38. Kg1 Rf4 39. Qe2 Qc5+ 40.
Kh2 Nxc3 41. Qd2 Rxh4+ 42. Kg3 Qd4 43. Qg5 Ne4+ 44. Rxe4 Rxe4 45. Nf3 Qd6+ 0-1

[Event "Late-Titled-Tuesday-Blitz-March-05-2024"]
[Site "Chess.com"]
[Date "2024.03.05"]
[Round "9"]
[White "Eliwood44"]
[Black "Bryanl106"]
[Result "0-1"]
[WhiteElo "2529"]
[BlackElo "2659"]
[TimeControl "180+1"]
[EndTime "15:40:57 PST"]
[Termination "Bryanl106 won on time"]

1. d4 Nf6 2. c4 g6 3. Nc3 Bg7 4. Nf3 O-O 5. e4 d6 6. h3 c5 7. Be3 Qa5 8. Qc2 cxd4 9. Nxd4 Nc6 10. Nb3 Qd8 11. Rd1 a5 12. c5 a4 13. Nc1 Qa5 14.
cxd6 exd6 15. Bd3 a3 16. Nb3 Qb4 17. bxa3 Rxa3 18. O-O Be6 19. Rb1 Bxb3 20. Rxb3 Rxb3 21. Qxb3 Qxb3 22. axb3 Ra8 23. Nb5 Nb4 24. Bb1 Bf8 25.
Bd4 Nd7 26. Bc3 Nc6 27. Nc7 Ra3 28. Bc2 Ra2 29. Bd1 Nc5 30. f3 Bh6 31. Nd5 Bg7 32. Bxg7 Kxg7 33. b4 Nd3 34. b5 Nd4 35.
f4 Nxb5 36. Bb3 Rb2 37. Bc4 Nc5 38. e5 Na3 39. Rc1 dxe5 40. Bf1 Nd7 41. Rc7 Nf6 42. Ne7 exf4 43. Rc8 b5 44. Ra8 b4 45. Bd3 Nb1 46.
Kh2 Nc3 47. Bc4 Nfe4 48. Ra7 Rb1 49. Nc8 Ng3 50. Rxf7+ Kh6 51. Rxf4 Nf5 0-1

[Event "Late-Titled-Tuesday-Blitz-March-05-2024"]
[Site "Chess.com"]
[Date "2024.03.05"]
[Round "9"]
[White "Mikasinski"]
[Black "kids2010"]
[Result "0-1"]
[WhiteElo "2688"]
[BlackElo "2813"]
[TimeControl "180+1"]
[EndTime "15:40:58 PST"]
[Termination "kids2010 won by checkmate"]

1. e4 c6 2. d4 d5 3. e5 Bf5 4. h4 h5 5. Bg5 f6 6. Be3 fxe5 7. dxe5 e6 8. Bd3 Ne7 9. Ne2 Nd7 10. Bg5 Qa5+ 11. Bd2 Qc7 12. f4 O-O-O 13. Nbc3 Nc5 14. Be3 Bxd3 15. cxd3 Nf5 16. Bxc5 Bxc5 17. d4 Be7 18. g3 Kb8 19. Qd3 c5 20. O-O cxd4 21. Nb5 Qb6 22. Kh2 Bc5 23. b4 Bxb4 24. Rab1 Qa5 25. Nbxd4 Nxd4 26. Nxd4 Rc8 27.
Rf2 Rc3 28. Qg6 Qc5 29. Qxg7 Rc8 30. Rfb2 Rc4 31. Nxe6 Qb6 32. Ng5 d4 33. e6 d3 34.
Qe5+ Ka8 35. Nf3 Rc2+ 36. Kh3 Qc6 37. Nd4 Qg2# 0-1

[Event "Late-Titled-Tuesday-Blitz-March-05-2024"]
[Site "Chess.com"]
[Date "2024.03.05"]
[Round "9"]
[White "McCarthyStone"]
[Black "aranibos"]
[Result "0-1"]
[WhiteElo "2356"]
[BlackElo "2282"]
[TimeControl "180+1"]
[EndTime "15:41:01 PST"]
[Termination "aranibos won on time"]

1. b3 e5 2. Bb2 Nc6 3. e3 a6 4. c4 Nf6 5. Nc3 Bc5 6. g3 O-O 7. Bg2 d6 8. Nge2 Bg4 9. h3 Bh5 10.
O-O Re8 11. d3 Ba7 12. Rc1 Rc8 13. g4 Bg6 14. Ng3 Qd7 15. g5 Nb4 16. e4 Nh5 17.
Nxh5 Bxh5 18. Qxh5 Nxd3 19. Rc2 b5 20. cxb5 axb5 21.
Bc1 b4 22. Nd5 Kh8 23. Be3 c6 24. Bxa7 cxd5 25. Rxc8 Rxc8 26. Be3 d4 27. Bd2 Rc2 28. Rd1 g6 29. Qf3 Nb2 30. Rc1 Rxd2 31. Qf6+ Kg8 32. h4 d3 33. h5 gxh5 34. Re1 Rc2 35. Re3 d2 36. Bf3 d1=Q+ 37. Kg2 Qd2 0-1

[Event "Late-Titled-Tuesday-Blitz-March-05-2024"]
[Site "Chess.com"]
[Date "2024.03.05"]
[Round "9"]
[White "Abund"]
[Black "ACollins05"]
[Result "1-0"]
[WhiteElo "2801"]
[BlackElo "2605"]
[TimeControl "180+1"]
[EndTime "15:41:05 PST"]
[Termination "Abund won by checkmate"]

1. e4 c5 2. Nf3 d6 3. Bb5+ Bd7 4. c4 Nf6 5. Nc3 Nc6 6. O-O g6 7. d3 Bg7 8. h3 O-O 9. Be3 a6 10. Ba4 Rb8 11. Rb1 Ne8 12. Qd2 Nc7 13. Bxc6 Bxc6 14. b4 b6 15. a3 f5 16. Bh6 fxe4 17. Nxe4 Qe8 18. Rfe1 Qf7 19. Bxg7 Qxg7 20. d4 cxb4 21. d5 Bd7 22. axb4 Bxh3 23. Neg5 Bf5 24. Rb3 h6 25. Ne4 g5 26. Nd4 Bd7 27. Rg3 b5 28. Nxg5 Kh8 29.
Nge6 Qf6 30. Nxc7 bxc4 31. Nce6 Rfc8 32. Rf3 Qg6 33. Qc3 Kh7 34. Rg3 Qf6 35. Ree3 a5 36. Ref3 Qe5 37. Rf7+ Kh8 38. Rgg7 Bxe6 39. dxe6 axb4 40.
Rh7+ Kg8 41. Qg3+ Qxg3 42. fxg3 b3 43. Nf5 b2 44. Rfg7+ Kf8 45. Rh8# 1-0